Map: Sueño ártico EE

Players

Káiser

  • Race: Protoss Protoss
  • League: Gold
  • Spawn Location: 5:00

monsank

  • Race: Terran Terran
  • Spawn Location: 6:00

MrFercho - Winner!

  • Race: Zerg Zerg
  • League: Silver
  • Spawn Location: 12:00

TATORREA - Winner!

  • Race: Protoss Protoss
  • League: Silver
  • Spawn Location: 11:00

VOD

Have the link to the VOD?

Description

Time

  • Played on: June 15, 2020, 8:04 p.m.
  • Length: 20:13
Show
View Real Time Build Order
Export as new Build Order

Káiser Protoss 

Build Orders:  

Get SALT Encoding   

  12  0:00  Probe  
  13  0:08  Probe  
  14  0:26  Pylon  
  14  0:27  Probe  
  15  0:36  Assimilator  
  15  0:48  Forge  
  15  0:57  Gateway  
  15  1:01  Probe  
  16  1:13  Probe  
  17  1:22  Assimilator  
  18  1:25  Probe  
  18  1:36  Photon Cannon  
  18  1:37  Probe  
  19  2:06  Probe  
  19  2:11  Cybernetics Core  
  19  2:14  Probe  
  21  2:24  Probe  
  22  2:36  Probe  
  23  2:39  Photon Cannon  
  23  2:52  Pylon  
  23  3:02  Stargate  
  23  3:08  Stargate  
  23  3:10  Probe  
  24  3:15  Stargate  
  24  3:32  Nexus  
  24  3:38  Assimilator  
  24  3:44  Assimilator  
  24  3:56  Void Ray  
  28  4:25  Pylon  
  28  4:31  Pylon  
  28  4:43  Void Ray x2  
  28  4:44  Probe  
  28  4:45  Probe  
  37  4:52  Probe  
  38  4:57  Probe  
  40  5:00  Probe  
  40  5:05  Probe  
  41  5:08  Probe  
  41  5:13  Probe  
  44  5:37  Void Ray  
  44  5:38  Void Ray  
  52  5:48  Void Ray  
  56  6:01  Pylon  
  56  6:04  Pylon  
  56  6:09  Pylon  
  56  6:12  Pylon  
  56  6:17  Cybernetics Core  
  56  6:22  Probe x2  
  58  6:30  Probe x2  
  58  6:39  Probe x2  
  60  6:45  Fleet Beacon  
  62  6:51  Probe x2  
  62  6:52  Protoss Air Weapons Level 1  
  64  7:00  Protoss Air Armor Level 1  
  64  7:03  Probe x2  
  64  7:05  Void Ray  
  70  7:22  Void Ray  
  70  8:39  Tempest x3  
  85  8:47  Unknown  
  85  9:09  Protoss Air Weapons Level 2  
  85  9:22  Tempest  
  90  9:37  Pylon x2  
  90  9:39  Pylon  
  90  9:40  Pylon  
  90  9:50  Tempest  
  90  9:59  Nexus  
  95  10:02  Assimilator, Tempest  
  95  10:03  Tempest  
  95  10:04  Assimilator  
  95  10:06  Pylon  
  95  10:09  Pylon  
  95  10:12  Pylon  
  105  10:16  Pylon  
  105  10:21  Anion Pulse-Crystals  
  105  10:28  Tempest  
  105  10:33  Probe x2  
  112  10:45  Tempest, Probe x2  
  119  10:53  Shield Battery  
  119  10:54  Shield Battery  
  119  10:55  Shield Battery  
  119  10:57  Shield Battery, Probe  
  119  10:58  Probe  
  119  10:59  Shield Battery  
  119  11:01  Shield Battery  
  121  11:04  Pylon  
  121  11:09  Pylon  
  121  11:10  Probe x2  
  123  11:11  Carrier x2  
  123  11:17  Photon Cannon  
  135  11:20  Photon Cannon  
  135  11:22  Photon Cannon, Probe x2  
  135  11:25  Photon Cannon  
  137  11:27  Photon Cannon  
  137  11:28  Photon Cannon  
  137  11:30  Probe  
  138  11:34  Probe  
  135  12:14  Tempest  
  135  12:15  Tempest x2  
  150  12:33  Shield Battery  
  150  12:34  Shield Battery  
  150  12:35  Shield Battery  
  150  12:37  Photon Cannon x2  
  150  12:40  Photon Cannon  
  150  12:57  Tempest  
  155  12:58  Carrier x2  
  116  13:59  Tempest  
  116  14:02  Tempest x2  
  111  14:42  Tempest  
  111  14:45  Tempest x2  
  116  15:17  Protoss Air Armor Level 2  
  116  15:21  Protoss Air Weapons Level 3  
  79  16:14  Void Ray x3  
  53  16:53  Void Ray x3  
  65  17:29  Nexus  
  65  17:35  Void Ray  
  65  17:36  Void Ray x2  
  77  17:50  Robotics Facility  
Show
View Real Time Build Order
Export as new Build Order

monsank Terran 

Build Orders:  

Get SALT Encoding   

  12  0:02  SCV  
  13  0:24  Supply Depot  
  13  0:27  SCV  
  14  0:28  Supply Depot  
  14  0:39  SCV  
  15  0:48  Barracks  
  15  0:52  SCV  
  16  1:02  Refinery  
  16  1:04  SCV  
  17  1:09  Refinery  
  17  1:28  Supply Depot  
  17  1:33  SCV  
  17  1:35  Marine  
  19  1:45  SCV  
  20  1:57  Factory, SCV  
  20  1:58  Marine  
  22  2:10  SCV  
  23  2:16  Engineering Bay  
  23  2:23  SCV  
  24  2:32  Marine  
  24  2:36  SCV  
  26  2:41  Factory Tech Lab  
  26  2:47  Supply Depot  
  26  2:48  SCV  
  27  2:57  Marine  
  28  3:01  Missile Turret  
  28  3:12  Siege Tank  
  31  3:15  Marine  
  32  3:27  Supply Depot  
  32  3:33  Marine  
  33  3:34  Missile Turret  
  33  3:41  Orbital Command  
  33  3:51  Marine  
  34  4:01  Missile Turret  
  34  4:07  Siege Tank  
  34  4:08  Marine  
  38  4:14  Supply Depot  
  38  4:26  Marine  
  39  4:33  Missile Turret  
  39  4:44  Marine  
  40  5:02  Marine  
  40  5:03  Command Center  
  41  5:18  Starport  
  41  5:20  Marine  
  42  5:38  Marine  
  42  5:40  Missile Turret  
  43  5:55  Marine  
  44  6:00  Missile Turret  
  44  6:12  Starport Tech Lab  
  44  6:13  Marine  
  44  6:15  SCV  
  46  6:20  Refinery  
  46  6:27  SCV  
  46  6:31  Marine, Missile Turret  
  48  6:37  Armory  
  48  6:38  Banshee  
  48  6:39  SCV  
  52  6:42  Cloaking Field  
  52  6:49  Marine  
  52  6:50  Hellion  
  52  6:51  SCV  
  56  7:01  Infernal Pre-Igniter  
  56  7:03  SCV  
  56  7:07  Marine  
  58  7:21  Banshee  
  61  7:24  Marine  
  62  7:49  Marine  
  63  7:55  Hellion  
  65  8:06  Marine  
  66  8:17  Hellion  
  68  8:24  Marine  
  64  8:38  Hellion  
  61  8:42  Marine  
  56  8:52  Banshee  
  59  8:59  Hellion  
  59  9:00  Marine  
  62  9:06  SCV  
  63  9:13  Refinery  
  63  9:18  Marine, SCV  
  63  9:21  Hellion  
  67  9:30  SCV  
  68  9:33  Terran Vehicle Weapons Level 1  
  68  9:35  Banshee  
  68  9:36  Marine  
  72  9:42  SCV  
  72  9:43  Siege Tank  
  76  9:53  Marine  
  76  9:54  SCV  
  78  10:11  Marine  
  79  10:15  Siege Tank  
  79  10:18  Banshee  
  85  10:29  Marine  
  80  10:47  Marine, Siege Tank  
  84  11:01  Banshee  
  87  11:05  Marine  
  87  11:09  SCV  
  89  11:19  Siege Tank  
  89  11:21  SCV  
  89  11:22  Marine  
  94  11:27  Terran Vehicle And Ship Armor Level 1  
  94  11:43  Marine  
  94  11:44  SCV  
  94  11:47  Banshee  
  90  11:56  SCV  
  89  12:01  Marine  
  89  12:08  SCV  
  91  12:23  Siege Tank  
  94  13:08  Banshee  
  94  13:21  Terran Ship Weapons Level 1  
  94  13:33  Siege Tank  
  91  13:50  Banshee  
  94  14:33  Orbital Command  
  94  14:44  Supply Depot  
  94  15:00  Supply Depot  
  94  15:05  Marine, Banshee, Siege Tank  
  101  15:15  Terran Vehicle And Ship Armor Level 2  
  101  15:17  Starport  
  101  15:23  Marine  
  101  15:24  Starport  
  102  15:37  Siege Tank  
  102  15:41  Marine  
  106  15:48  Banshee  
  100  15:58  Marine  
  101  16:09  Siege Tank  
  101  16:16  Marine  
  99  16:31  Banshee  
  102  16:42  Siege Tank  
  102  17:13  Banshee  
  102  17:14  Siege Tank  
  96  17:31  Terran Vehicle Weapons Level 2  
  96  17:46  Siege Tank  
  99  17:56  Banshee  
  102  17:59  Marine  
  103  18:17  Marine, Starport Tech Lab x2  
  103  18:18  Siege Tank  
  89  18:35  Marine  
  89  18:39  Banshee  
  93  18:50  Siege Tank  
  93  18:51  Raven  
  93  18:53  Marine  
  93  18:54  Raven  
  101  19:11  Marine  
  102  19:22  Banshee, Siege Tank  
  105  19:29  Marine  
Show
View Real Time Build Order
Export as new Build Order

MrFercho Zerg - Winner!

Build Orders: Hatch First 

Get SALT Encoding   

  12  0:01  Drone  
  13  0:13  Overlord  
  13  0:17  Drone  
  14  0:31  Drone x2  
  16  0:56  Drone  
  16  0:57  Drone  
  18  1:09  Drone  
  18  1:10  Drone  
  20  1:12  Hatchery  
  19  1:21  Spawning Pool  
  19  1:23  Extractor  
  17  1:25  Drone  
  17  1:30  Drone  
  19  1:43  Drone  
  20  1:54  Drone  
  22  2:01  Drone  
  22  2:13  Overlord  
  22  2:23  Queen  
  22  2:24  Queen  
  22  2:26  Drone x2  
  28  2:52  Drone x4  
  28  2:55  Drone  
  28  2:56  Drone  
  34  3:07  Queen  
  34  3:09  Lair  
  34  3:12  Overlord x2  
  36  3:19  Roach Warren  
  35  3:27  Spine Crawler  
  35  3:31  Spine Crawler  
  35  3:32  Drone x4  
  35  3:33  Extractor x2  
  35  3:43  Evolution Chamber, Drone  
  35  3:45  Drone  
  35  3:47  Drone  
  35  3:48  Drone x3  
  40  3:49  Drone  
  40  3:54  Drone  
  42  4:11  Zerg Missile Weapons Level 1  
  42  4:13  Roach  
  42  4:14  Roach x4  
  42  4:15  Overlord x2  
  52  4:41  Zergling x4  
  52  4:44  Drone x6  
  60  5:30  Spore Crawler  
  59  5:36  Spore Crawler  
  58  5:49  Hydralisk Den  
  57  5:53  Drone, Evolution Chamber  
  57  5:54  Hatchery, Drone x2  
  57  5:56  Drone  
  59  6:03  Extractor  
  58  6:22  Drone  
  58  6:23  Drone  
  58  6:24  Overlord x3  
  60  6:29  Hatchery  
  60  6:31  Extractor  
  58  6:33  Grooved Spines  
  58  6:34  Extractor  
  57  6:43  Infestation Pit  
  57  6:44  Drone x10  
  57  6:45  Drone x2  
  68  7:01  Drone  
  68  7:02  Drone x2  
  68  7:03  Drone x3  
  68  7:07  Drone x4  
  78  7:24  Extractor  
  78  7:26  Drone x5  
  78  7:29  Extractor  
  81  7:37  Overlord x2  
  81  7:38  Overlord  
  81  7:39  Spine Crawler  
  81  7:40  Spine Crawler  
  81  7:41  Spine Crawler  
  78  7:50  Hydralisk  
  80  7:59  Hydralisk Den  
  68  8:22  Hive  
  65  8:38  Hydralisk  
  65  8:39  Hydralisk x11  
  65  8:40  Hydralisk x3  
  87  8:51  Spawning Pool, Drone x2  
  87  8:52  Drone  
  89  8:59  Muscular Augments  
  89  9:06  Evolution Chamber  
  89  9:08  Glial Reconstitution, Evolution Chamber  
  87  9:11  Drone x3  
  87  9:12  Drone  
  87  9:13  Drone x2  
  94  9:38  Drone x3  
  94  9:39  Overlord x3  
  94  9:40  Overlord  
  96  9:57  Queen  
  98  10:08  Overseer  
  98  10:11  Overseer  
  92  10:33  Drone x9  
  101  10:48  Drone x4  
  101  10:49  Drone x2  
  107  11:05  Spore Crawler  
  107  11:06  Spine Crawler  
  107  11:09  Drone x5  
  107  11:10  Spine Crawler, Drone x2  
  111  11:52  Hydralisk  
  111  11:53  Hydralisk x7  
  127  11:57  Overlord x4  
  127  12:03  Zerg Missile Weapons Level 2  
  127  12:08  Drone  
  128  12:17  Lurker Den  
  128  12:21  Hydralisk x7  
  141  12:53  Hydralisk  
  141  12:54  Hydralisk x8  
  159  13:05  Overseer x2  
  123  13:34  Hydralisk x2  
  123  13:35  Hydralisk  
  123  13:38  Overlord x3  
  123  13:39  Overlord x5  
  95  13:57  Hydralisk  
  95  13:58  Hydralisk x13  
  118  14:10  Spore Crawler  
  118  14:12  Hydralisk x7  
  128  14:19  Zerg Ground Armor Level 1  
  125  14:28  Spire  
  110  14:33  Spawning Pool  
  97  15:09  Overlord x4  
  97  15:10  Overlord x11  
  97  15:16  Drone x2  
  97  15:17  Drone  
  100  15:36  Drone x3  
  103  15:52  Ravager  
  103  15:53  Lurker x4  
  98  16:18  Hydralisk x11  
  96  16:19  Hydralisk x11  
  96  16:23  Queen  
  138  16:36  Overseer  
  138  16:37  Pneumatized Carapace  
  138  16:39  Overseer x2  
  138  16:40  Overseer  
  138  16:54  Hydralisk x8  
  138  16:55  Hydralisk x9  
  172  17:03  Drone  
  172  17:04  Drone  
  170  17:14  Adaptive Talons  
  170  17:19  Queen  
  170  17:21  Zerg Missile Weapons Level 3, Zerg Ground Armor Level 2  
  172  17:35  Hydralisk x2  
  172  17:36  Hydralisk x12  
  195  18:11  Seismic Spines  
  195  18:21  Drone x4  
  195  18:22  Drone  
  198  18:50  Hatchery  
  197  18:56  Hatchery  
  197  18:59  Hatchery  
  195  19:13  Hydralisk x2  
Show
View Real Time Build Order
Export as new Build Order

TATORREA Protoss - Winner!

Build Orders:  

Get SALT Encoding   

  12  0:01  Probe  
  13  0:13  Probe  
  14  0:23  Pylon  
  14  0:25  Probe  
  15  0:39  Probe  
  16  0:43  Gateway  
  16  0:47  Probe  
  16  0:50  Assimilator  
  17  1:05  Probe  
  18  1:13  Probe  
  19  1:21  Probe  
  20  1:26  Pylon  
  20  1:31  Assimilator, Probe  
  21  1:43  Probe  
  21  1:55  Probe  
  22  2:06  Probe, Cybernetics Core  
  23  2:08  Gateway  
  23  2:09  Gateway  
  23  2:14  Probe  
  23  2:20  Zealot  
  23  2:22  Probe  
  27  2:34  Probe  
  28  2:46  Probe  
  28  2:49  Nexus  
  29  2:56  Pylon  
  30  2:58  Probe  
  30  3:10  Probe  
  31  3:13  Stalker, Warp Gate  
  31  3:15  Robotics Facility  
  33  3:22  Probe  
  34  3:27  Pylon  
  34  3:34  Probe  
  34  3:35  Pylon  
  35  3:47  Probe  
  36  3:51  Stalker  
  36  3:52  Stalker  
  40  3:57  Stalker  
  40  3:59  Probe  
  40  4:01  Probe  
  44  4:11  Probe  
  44  4:13  Probe  
  46  4:23  Probe  
  47  4:26  Probe  
  48  4:35  Probe  
  48  4:36  Immortal  
  48  4:38  Probe  
  54  4:47  Probe  
  54  4:50  Probe  
  54  4:52  Nexus  
  56  4:54  Pylon  
  56  4:59  Probe  
  57  5:02  Probe  
  58  5:07  Assimilator  
  58  5:11  Assimilator  
  58  5:13  Probe  
  58  5:15  Probe  
  60  5:21  Probe  
  60  5:23  Immortal  
  60  5:27  Stalker x3, Probe  
  72  5:29  Probe  
  73  5:39  Probe  
  74  5:52  Probe  
  74  5:53  Probe  
  74  5:55  Gateway  
  74  5:56  Gateway  
  76  5:59  Gateway  
  76  6:00  Probe  
  76  6:01  Gateway, Probe  
  77  6:04  Probe  
  77  6:09  Probe x2  
  79  6:11  Immortal  
  79  6:15  Stalker  
  79  6:16  Probe  
  88  6:18  Stalker  
  88  6:21  Stalker  
  88  6:22  Probe  
  93  6:45  Pylon  
  93  6:48  Pylon  
  93  6:51  Assimilator  
  93  6:55  Assimilator  
  93  6:56  Pylon  
  93  7:03  Probe x3  
  93  7:04  Stalker x2  
  100  7:15  Probe x3  
  103  7:27  Probe x3  
  106  7:38  Immortal  
  106  7:39  Stalker  
  106  7:40  Stalker x2  
  116  7:49  Nexus  
  116  7:51  Pylon  
  116  8:02  Pylon  
  116  8:06  Pylon  
  116  8:09  Pylon  
  116  8:12  Pylon  
  116  8:14  Stalker x2  
  116  8:15  Stalker x2  
  116  8:17  Pylon  
  124  8:21  Pylon  
  124  8:39  Stalker x4  
  124  8:40  Stalker x3  
  138  9:01  Gateway  
  138  9:02  Gateway  
  138  9:04  Gateway x2  
  138  9:06  Stalker x3  
  138  9:07  Stalker x4  
  152  9:10  Gateway  
  152  9:11  Gateway x2  
  152  9:12  Gateway  
  152  9:16  Gateway  
  152  9:28  Probe  
  152  9:29  Probe x2  
  155  9:34  Probe  
  156  9:41  Probe x3  
  159  9:47  Probe  
  160  10:09  Stalker  
  160  10:10  Stalker x3  
  160  10:11  Stalker x2, Gateway  
  172  10:14  Gateway  
  172  10:15  Gateway  
  172  10:37  Pylon  
  172  10:44  Pylon  
  172  10:48  Assimilator  
  172  10:49  Pylon  
  172  10:53  Assimilator  
  172  11:02  Observer  
  173  11:05  Stalker x2  
  173  11:06  Stalker  
  173  11:07  Pylon  
  173  11:10  Pylon  
  179  11:13  Pylon  
  179  11:17  Pylon  
  179  11:32  Nexus  
  179  11:35  Pylon  
  149  11:52  Forge  
  115  11:54  Forge  
  115  11:55  Forge  
  77  12:12  Probe x2  
  77  12:13  Probe  
  77  12:14  Probe  
  81  12:17  Immortal  
  81  12:19  Stalker x4  
  81  12:20  Stalker x4  
  81  12:21  Stalker x2  
  81  12:22  Stalker x5  
  113  12:23  Stalker x3  
  121  12:38  Protoss Ground Armor Level 1, Twilight Council, Protoss Ground Weapons Level 1, Protoss Shields Level 1  
  121  12:44  Stalker x2  
  121  12:45  Stalker x4  
  121  12:46  Stalker x4  
  121  12:47  Stalker x2  
  121  12:49  Stalker x2  
  121  12:50  Stalker x2  
  121  12:51  Stalker x2  
  155  12:56  Immortal  
  161  13:23  Nexus  
  161  13:24  Pylon  
  161  13:26  Stalker x2  
  165  13:27  Stalker x2  
  165  13:28  Stalker x4  
  165  13:29  Stalker x3  
  165  13:30  Stalker x3  
  165  13:31  Stalker x4  
  195  13:35  Observer  
  190  13:54  Stalker  
  190  13:55  Stalker x4  
  196  14:41  Templar Archives  
  196  14:43  Stargate  
  190  14:47  Stargate  
  190  15:04  Pylon  
  190  15:05  Nexus  
  190  15:23  Protoss Shields Level 2, Protoss Ground Armor Level 2, Protoss Ground Weapons Level 2  
  166  15:52  Stalker  
  166  15:53  Stalker x3  
  166  15:54  Stalker, High Templar  
  166  15:55  High Templar x4  
  166  15:56  High Templar x3  
  166  15:57  High Templar x4  
  180  15:58  High Templar  
  180  16:02  Archon x4  
  180  16:03  Archon  
  176  16:05  Archon  
  176  16:10  Void Ray x2  
  158  16:30  High Templar x5  
  158  16:31  High Templar x4  
  158  16:32  High Templar x3  
  174  16:33  High Templar x2  
  174  16:39  Stalker x3  
  178  16:40  Stalker  
  178  16:43  Assimilator  
  178  16:45  Archon x3  
  178  16:46  Archon x4  
  172  16:48  Assimilator  
  172  16:53  Void Ray x2, Immortal  
  168  17:13  Stalker x3  
  168  17:14  Stalker x3  
  168  17:15  Stalker x4  
  186  17:18  Zealot  
  186  17:19  Zealot x4  
  186  17:20  Zealot  
  200  17:32  Protoss Air Weapons Level 1  
  192  18:20  Fleet Beacon  
  192  18:22  Robotics Bay  
  178  18:28  Void Ray x2  
  178  18:31  Immortal  
  190  18:45  Assimilator  
  190  18:49  Assimilator  
  190  19:10  Stalker x5  
  196  20:00  Stalker x2  
Tags
 
Add a new tag
Caveats
  • Supply blocks, unpowered buildings, or Contaminate may cause inaccurate times.
  • Supply counts are checked every 10 seconds.